 Dungeon Crawl Stone Soup version 0.26.1-11-gd32895ea62 (webtiles) character file.

Game seed: 207897258295933643

25 Hamster52 the Caller (level 2, -4/20 HPs)
             Began as a Demonspawn Summoner on May 12, 2021.
             Succumbed to a goblin's poison
             ... on level 2 of the Dungeon.
             The game lasted 00:06:16 (911 turns).

Hamster52 the Caller (Demonspawn Summoner)           Turns: 911, Time: 00:06:16

Health: -4/20      AC: 10    Str:  8    XL:     2   Next: 82%
Magic:  5/5        EV:  0    Int: 16    God:
Gold:   46         SH:  0    Dex: 13    Spells: 3/5 levels left

rFire    . . .     SeeInvis .   e - +0 club
rCold    . . .     Faith    .   (no shield)
rNeg     . . .     Spirit   .   d - -2 plate armour (curse)
rPois    .         Reflect  .   j - +0 helmet
rElec    .         Harm     .   (no cloak)
rCorr    .         Rampage  .   c - +0 pair of gloves
Will     .....                  (no boots)
Stlth    ..........             b - amulet of regeneration
HPRegen  0.46/turn              (no ring)
MPRegen  0.09/turn              (no ring)

@: lethally poisoned (-4 -> -48), flying
A: talons 1
a: no special abilities


You were on level 2 of the Dungeon.
You visited 1 branch of the dungeon, and saw 2 of its levels.

You collected 46 gold pieces.

Inventory:

Hand Weapons
 e - a +0 club (weapon)
 f - a +0 whip
Armour
 a - a +0 robe
 c - a +0 pair of gloves (worn)
 d - a cursed -2 plate armour (worn)
 g - a +0 ring mail
 h - a +0 ring mail
 j - a +0 helmet (worn)
Jewellery
 b - an amulet of regeneration (around neck)
Scrolls
 i - 2 scrolls of amnesia


   Skills:
 + Level 0.7 Fighting
 + Level 0.5 Armour
 + Level 1.9 Dodging
 + Level 2.0 Stealth
 + Level 0.9 Unarmed Combat
 + Level 2.1 Spellcasting
 + Level 4.1 Summonings


You had 3 spell levels left.
You knew the following spells:

 Your Spells              Type           Power        Failure   Level
a - Call Imp              Summ           15%          100%        2

Your spell library contained the following spells:

 Spells                   Type           Power        Failure   Level
 Summon Small Mammal      Summ           60%          100%        1
 Call Canine Familiar     Summ           15%          100%        3
 Summon Guardian Golem    Hex/Summ       8%           100%        3
 Summon Ice Beast         Ice/Summ       8%           100%        4
 Summon Lightning Spire   Summ/Air       8%           100%        4


Dungeon Overview and Level Annotations

Branches:
Dungeon (2/15)

Altars:


Innate Abilities, Weirdness & Mutations

You have sharp toenails.


Message History

The goblin is moderately wounded.
You feel very sick. The goblin hits you but does no damage.
You are more poisoned.
You hit the goblin. Your kick misses the goblin.
The goblin is severely wounded.
You feel very sick.
The goblin hits you with a +1 dagger of venom.
* * * LOW HITPOINT WARNING * * *
You are more poisoned.
Your plate armour prevents you from hitting the goblin.
The goblin is severely wounded.
* * * LOW HITPOINT WARNING * * *
You feel very sick. The goblin hits you but does no damage.
You are more poisoned.
The goblin hits you but does no damage.
You hit the goblin.
You kill the goblin!
You die...

##.#.#.#.# .#
#..#.#...### ..
#........... ..
#.##.#..##.#.###
##.#.#.......
########....####..#
#.......#.#.# .#.
.#.#####(#.#...
......)@#..#.###
##.#####.###.. #.#
.# #.. .# .... .#
#####


There were no monsters in sight!

Vanquished Creatures
  A leopard gecko (D:1)
  2 bats
  5 giant cockroaches
  3 goblins
  2 hobgoblins (D:1)
  2 kobolds (D:1)
  4 rats (D:1)
19 creatures vanquished.

Vanquished Creatures (collateral kills)
  A giant cockroach (D:1)
  A goblin (D:1)
  A bat (D:1)
3 creatures vanquished.

Grand Total: 22 creatures vanquished

Notes
Turn   | Place    | Note
-------+----------+-------------------------------------------
     0 | D:1      | Hamster52 the Demonspawn Summoner began the quest for the
                  | Orb.
     0 | D:1      | Reached XP level 1. HP: 13/13 MP: 3/3
   349 | D:1      | Gained mutation: You have sharp toenails. [demonic
                  | ancestry]
   349 | D:1      | Reached XP level 2. HP: 20/20 MP: 5/5
   855 | D:2      | Learned a level 2 spell: Call Imp
   910 | D:2      | HP: 1/20 [poisoned by a goblin]
   911 | D:2      | Succumbed to a goblin's poison

Illustrated notes

Levels and vault maps discovered:
D:1:      dpeg_arrival_simpleton_c, layout_basic
D:2:      layout_loops_ring, chequers_ecumenical_altar_grove, uniq_robin

Skill      XL: |  1  2 |
---------------+-------+-----
Stealth        | 2 |  2.0
Fighting       | |  0.7
Armour         | |  0.5
Dodging        | |  1.9
Unarmed Combat | |  0.9
Spellcasting   | |  2.1
Summonings     | |  4.1

Action                   || total
-------------------------++-------
Melee: Unarmed           ||   146
       Club              ||    72
       Kick              ||     8
 Cast: Summon Small Mamm ||     5
  Use: Scroll            ||     2
       Potion            ||     2
 Stab: Distracted        ||     1
       Sleeping          ||     1
Armor: Plate armour      ||   399
       Robe              ||     4
Dodge: Dodged            ||    22
